 Dungeon Crawl Stone Soup version 0.19-a0-27-g415f530 (webtiles) character file.

14 M4edhros the Grave Robber (level 2, -1/17 HPs)
             Began as an Octopode Necromancer on May 1, 2016.
             Slain by a jackal (3 damage)
             ... on level 2 of the Dungeon.
             The game lasted 00:01:15 (219 turns).

M4edhros the Grave Robber (Octopode Necromancer)     Turns: 219, Time: 00:01:16

Health: -1/17      AC:  1    Str:  7    XL:     2   Next: 45%
Magic:  2/5        EV: 12    Int: 17    God:
Gold:   8          SH:  0    Dex: 12    Spells: 1 memorised, 4 levels left

rFire  . . .     SeeInvis .       - Unarmed
rCold  . . .     Gourm    .     (no shield)
rNeg   . . .     Faith    .     (helmet restricted)
rPois  .         Spirit   .     (no amulet)
rElec  .         Dismiss  .     (no ring)
rCorr  .         Reflect  .     (no ring)
SustAt .         Harm     .     (no ring)
MR     .....                    (no ring)
Stlth  +++.......               (no ring)
                                (no ring)
                                (no ring)
                                (no ring)

@: not resistant to hostile enchantments, fairly stealthy
A: almost no armour, amphibious, 8 rings, constrict 8, camouflage 1, gelatinous
body 1
a: no special abilities


You were on level 2 of the Dungeon.
You were not hungry.

You visited 1 branch of the dungeon, and saw 2 of its levels.

You collected 8 gold pieces.

Inventory:

Scrolls
 c - a scroll of remove curse {unknown}
 d - a scroll of identify {unknown}
 e - a scroll of blinking {unknown}
Books
 a - a book of Necromancy

   Spells                             Type                      Level
   a - Pain                           Necromancy                   1
   b - Animate Skeleton               Necromancy                   1
   c - Vampiric Draining              Necromancy                   3
   d - Regeneration                   Charms/Necromancy            3
   e - Animate Dead                   Necromancy                   4
   f - Control Undead                 Necromancy                   4
Comestibles
 b - a bread ration


   Skills:
 - Level 2.0 Dodging
 - Level 2.6 Stealth
 + Level 2.0 Unarmed Combat
 - Level 2.0 Spellcasting
 - Level 4.0 Necromancy


You had 4 spell levels left.
You knew the following spells:

 Your Spells              Type           Power        Failure   Level  Hunger
a - Pain                  Necr           ###.         3%          1    #......


Dungeon Overview and Level Annotations

Branches:
Dungeon (2/15)

Altars:
Ashenzari


Innate Abilities, Weirdness & Mutations

You cannot wear most types of armour.
You are amphibious.
You can wear up to eight rings at the same time.
You can use your tentacles to constrict eight enemies at once.
Your skin changes colour to match your surroundings (Stealth).
Your rubbery body absorbs attacks (AC +1).


Message History

A giant newt comes into view.
Found 6 gold pieces.
Casting: Pain
Confirm with . or Enter, or press ? or * to list all spells.
Aiming: Pain
Press: ? - help, Shift-Dir - straight line, f - giant newt
Aim: a giant newt (hasn't noticed you, chance to defeat MR: 92%)
The giant newt convulses in agony!
A jackal comes into view.
The jackal barks!
A jackal comes into view.
The giant newt hisses menacingly.
Found a copper ring.
Found 19 arrows.
You closely miss the jackal. Your grab misses the jackal.
The jackal barely misses you.
You tentacle-slap the jackal. Your grab misses the jackal.
The jackal is severely wounded.
The jackal bites you.
You die...

#######......#.....
........†.#####..#.
#######...#_'......
#...####.....
#......#....# .######
##......#..... .......
###.......#.....
.......##.l..##...#...>#
.......@h.##.##.........
.......#####.##.........
.=..... #.##.........
....... ............#
....### .......#..###
(... ..........# ...
........#.# ## ......K.
..


You could see a jackal and a giant newt.

Vanquished Creatures
  2 worms (D:2)
  3 goblins
  A hobgoblin (D:1)
  A quokka (D:2)
  A bat (D:1)
8 creatures vanquished.

Notes
Turn   | Place    | Note
--------------------------------------------------------------
     0 | D:1      | M4edhros the Octopode Necromancer began the quest for the Orb.
     0 | D:1      | Reached XP level 1. HP: 11/11 MP: 3/3
    44 | D:1      | Reached skill level 1 in Unarmed Combat
   105 | D:2      | Reached XP level 2. HP: 3/17 MP: 0/5
   139 | D:2      | Found a shattered altar of Ashenzari.
   219 | D:2      | Slain by a jackal

Vault maps used:
D:1:      elethiomel_arrival_quiet, serial_bayou_ford_a, corner_web_ring,
          minmay_misc_feat_hallway, cheibriados_altar_1
D:2:      elyvilon_altar_3, ashenzari_conservatory_becter

Skill      XL: |  1  2 |
---------------+-------+-----
Unarmed Combat | 1 2 |  2.0
Dodging        | |  2.0
Stealth        | |  2.6
Spellcasting   | |  2.0
Necromancy     | |  4.0

Action                   || total
-------------------------++-------
Melee: Unarmed           ||    10
       Constrict         ||     1
       Tentacles         ||     1
 Cast: Pain              ||    15
  Use: Potion            ||     1
Armor: Skin              ||     1
Dodge: Dodged            ||     4
